 Dungeon Sprint DCSS version 0.29.1-2-gbd0b4ee654 (webtiles) character file.

Game seed: 2114660846443307887

1079 Groucho the Unseen (level 8, -1/36 HPs)
             Began as a Spriggan Enchanter on Nov 16, 2022.
             Was an Initiate of Dithmenos.
             Succumbed to a hornet's poison
             ... in the Dungeon (Sprint II: "The Violet Keep of Menkaure").
             The game lasted 00:08:03 (509 turns).

Groucho the Unseen (Spriggan Enchanter)              Turns: 509, Time: 00:08:03

Health: -1/36      AC:  2    Str:  6    XL:     8   Next: 8%
Magic:  19/23      EV: 17    Int: 17    God:    Dithmenos [......]
Gold:   24         SH:  0    Dex: 15    Spells: 10/27 levels left

rFire   . . .      SeeInvis +   a - +1 dagger
rCold   . . .      Faith    .   (no shield)
rNeg    . . .      Spirit   .   b - +0 robe
rPois   .          Reflect  .   (helmet restricted)
rElec   .          Harm     .   (no cloak)
rCorr   .          Rampage  .   (gloves unavailable)
Will    +....      NoTele   +   (boots unavailable)
Stlth   ++++++....              (no amulet)
HPRegen 0.12/turn               c - ring of flight
MPRegen 0.18/turn               (no ring)

@: lethally poisoned (-1 -> -12), flying, slowed, quick
A: very small, no large weapons, unfitting armour, see invisible, speed 3
a: Renounce Religion


You were in the Dungeon.
You worshipped Dithmenos.
Dithmenos was noncommittal.
You visited 1 branch You collected 972 gold pieces.
You spent 948 gold pieces at shops.

Inventory:

Hand Weapons
 a - a +1 dagger (weapon)
Armour
 b - a +0 robe (worn)
 e - the +2 robe "Cuidot" {rPois rCorr Str+3 Dex-5}
   (You bought it in a shop in the Dungeon)

   Str:       It affects your strength (+3).
   Dex:       It affects your dexterity (-5).
   rPois:     It protects you from poison.
   rCorr:     It protects you from acid and corrosion.
Jewellery
 c - a ring of flight (left hand)
Potions
 f - a potion of haste
 g - 2 potions of magic
 h - a potion of berserk rage
 j - a potion of might


   Skills:
 + Level 0.0 Fighting
 * Level 1.1 Short Blades
 + Level 2.6 Dodging
 - Level 17.0 Stealth
 + Level 10.2 Spellcasting
 * Level 0.0 Conjurations
 + Level 13.9 Hexes
 * Level 0.0 Earth Magic


You had 10 spell levels left.
You knew the following spells:

 Your Spells              Type           Power      Damage    Failure   Level
a - Ensorcelled Hibernat  Hex/Ice        64%        N/A       1%          2
b - Confusing Touch       Hex            54%        N/A       1%          3
c - Dazzling Flash        Conj/Hex       64%        N/A       1%          3
d - Tukima's Dance        Hex            54%        N/A       1%          3
e - Iron Shot             Conj/Erth      4%         9d2       100%        6

Your spell library contained the following spells:

 Spells                   Type           Power      Damage    Failure   Level
 Animate Armour           Summ/Erth      16%        N/A       63%         4
 Blade Hands              Tmut           4%         N/A       93%         5


Dungeon Overview and Level Annotations

Branches:
Dungeon (1/1)

Altars:
Cheibriados
Dithmenos
Elyvilon
Fedhas
Gozag
Hepliaklqana
Kikubaaqudgha
Makhleb
Nemelex Xobeh
Okawaru
Qazlal
Ru
Sif Muna
Trog
Uskayaw
Vehumet
Wu Jian
Xom
Yredelemnul
Zin
The Shining One
Jiyva
Lugonu

Shops:
D :((:[:[?=(:!=:!

Annotations:
D exclusion: oklob plant


Innate Abilities, Weirdness & Mutations

You are very small and have problems with some larger weapons.
You are too small for most types of armour.
You have supernaturally acute eyesight. (SInv)
You cover ground extremely quickly. (Speed+++)


Message History

* * * LOW HITPOINT WARNING * * *
The polar bear claws you.
* * * LOW HITPOINT WARNING * * *
The polar bear claws you.
* * * LOW HITPOINT WARNING * * *
Unknown command.
Press < or > to pray at altars.
Okay, then.
Blink to where?
Press: ? - help, Dir - move target Really blink into a travel-excluded area?
Okay, then.
Blink to where?
Press: ? - help, Dir - move target Really blink into a travel-excluded area?
As you read the scroll of blinking, it crumbles to dust.
The yaktaur shoots a bolt.
The bolt misses you.
The hornet buzzes angrily.
You aren't carrying any scrolls.
Unknown command.
You aren't carrying any scrolls.
Unknown command.
Unknown command.
You feel better.
You hear an angry growl.
The hornet barely misses you.
Casting: Confusing Touch (safe; 1% risk of failure)
Confirm with . or Enter, or press ? or * to list all spells.
Aiming: Ensorcelled Hibernation (safe; 1% risk of failure)
Press: ? - help, Shift-Dir - straight line, f - hornet
Aim: a hornet (chance to confuse on hit: 65%, chance to affect: 52%)
The hornet looks drowsy...
The helpless hornet fails to defend itself.
You hit the hornet but do no damage.
The hornet appears confused.
The hornet completely misses you. The hornet stings you!
* * * LOW HITPOINT WARNING * * *
You are lethally poisoned!
You feel yourself slow down.
You hit the hornet but do no damage.
You die...

~.##+##.. ~##...##.#### .###
~#..#).# ...# ...#
###...####..## #..# $# $))
.###'###.##..# +..# y#▓$$$?!
..##.##..##..# #..# h#▓$$?!!!
##'.<.'##.'..### ..##.#▓$)?$[$[
#.##.##..##....###^..##▓▓▓▓▓▓▓+
.###'###.##§....@yh~~~~~~~~~~~
###.#.####~§.....~#h########+###
~#÷###÷#~~§§~~~..~#c_._._..#§§§#
~##.#.##~~~~~~~~§~#.._._._.#§~≈≈
~~##+##~~§§§§§§~~§#._._._._#§§~~
~~ ~~~~§~§§§§~§§#_._._._.#~~~≈
+++#§≈≈≈§§§§~#._._._..#S~§~
#§≈§###§≈#_._._...#S~~§
#§§#._._....#~~§≈


You could see 2 polar bears, a yaktaur and a hornet (confused).

Vanquished Creatures
  A merfolk siren (D)
  2 wyverns (D)
  Menkaure (D)
  4 scorpions (D)
  3 worms (D)
11 creatures vanquished.

Vanquished Creatures (others)
  A water moccasin (D)
1 creature vanquished.

Grand Total: 12 creatures vanquished

Notes
Turn   | Place    | Note
-------+----------+-------------------------------------------
     0 | D        | Groucho the Spriggan Enchanter began the quest for the Orb.
     0 | D        | Reached XP level 1. HP: 9/9 MP: 5/5
     7 | D        | Noticed a wyvern
     7 | D        | Noticed a wyvern
    10 | D        | Noticed a scorpion
    10 | D        | Noticed a scorpion
    10 | D        | Noticed a scorpion
    10 | D        | Noticed a scorpion
    13 | D        | Noticed a merfolk siren
    20 | D        | Reached skill level 5 in Stealth
    24 | D        | Reached skill level 6 in Stealth
    24 | D        | Reached XP level 2. HP: 13/13 MP: 5/7
    31 | D        | Killed a scorpion
    32 | D        | Reached skill level 9 in Stealth
    32 | D        | Reached skill level 5 in Spellcasting
    32 | D        | Reached XP level 3. HP: 16/16 MP: 5/10
    32 | D        | Reached XP level 4. HP: 21/21 MP: 6/12
    35 | D        | Noticed a water moccasin
    42 | D        | Found a glowing silver altar of Zin.
    44 | D        | Killed a water moccasin
    45 | D        | Reached skill level 11 in Stealth
    45 | D        | Reached XP level 5. HP: 24/24 MP: 7/14
    49 | D        | Reached skill level 12 in Stealth
    51 | D        | Reached skill level 10 in Hexes
    51 | D        | Reached XP level 6. HP: 28/28 MP: 7/17
    54 | D        | Reached skill level 13 in Stealth
    65 | D        | Killed a wyvern
    66 | D        | Reached skill level 14 in Stealth
    73 | D        | Killed a wyvern
    74 | D        | Reached skill level 15 in Stealth
    74 | D        | Reached XP level 7. HP: 32/32 MP: 11/20
    85 | D        | Killed a merfolk siren
    86 | D        | Reached skill level 17 in Stealth
   105 | D        | Found Uplibem's Book Emporium.
   105 | D        | Found Xeocaz's Jewellery Shoppe.
   105 | D        | Found Maren's Magic Scroll Emporium.
   105 | D        | Found Opeoz's Antique Armour Shoppe.
   105 | D        | Found Donkukh's Book Shoppe.
   105 | D        | Found Ica Dot's Book Emporium.
   106 | D        | Found Hurphevo's Antique Armour Shoppe.
   106 | D        | Found Nuhad's Book Emporium.
   106 | D        | Found Xayriw's Jewellery Shoppe.
   106 | D        | Found Xuwak's Distillery.
   106 | D        | Found Radangun's Weapon Emporium.
   107 | D        | Found Tutiz's Antique Weapon Shoppe.
   107 | D        | Found Diofurun's Distillery.
   107 | D        | Found Paemm's Weapon Emporium.
   107 | D        | Noticed Menkaure
   107 | D        | Noticed a shining eye
   107 | D        | Noticed a shining eye
   114 | D        | Learned a level 2 spell: Ensorcelled Hibernation
   118 | D        | Learned a level 3 spell: Confusing Touch
   130 | D        | Killed Menkaure
   131 | D        | Reached skill level 10 in Spellcasting
   131 | D        | Reached XP level 8. HP: 36/36 MP: 16/23
   134 | D        | Noticed a shining eye
   134 | D        | Noticed an oklob plant
   324 | D        | Found Acev's Book Shoppe.
   325 | D        | Noticed a hell hog
   326 | D        | Noticed a hell hog
   345 | D        | Bought a ring of flight for 245 gold pieces
   402 | D        | Bought an ancient robe for 91 gold pieces
   402 | D        | Identified the +2 robe "Cuidot" {rPois rCorr Str+3 Dex-5}
                  | (You bought it in a shop in the Dungeon)
   408 | D        | Bought a book of Iron for 432 gold pieces
   412 | D        | Learned a level 3 spell: Dazzling Flash
   416 | D        | Learned a level 3 spell: Tukima's Dance
   425 | D        | Learned a level 6 spell: Iron Shot
   446 | D        | Bought a potion of haste for 120 gold pieces
   446 | D        | Bought a potion of might for 48 gold pieces
   446 | D        | Bought a potion of degeneration for 12 gold pieces
   478 | D        | Found a glowing golden altar of the Shining One.
   478 | D        | Found a basalt altar of Yredelemnul.
   478 | D        | Found a hide-covered altar of Uskayaw.
   479 | D        | Found a shimmering altar of Xom.
   479 | D        | Found a bloodstained altar of Trog.
   480 | D        | Found an ornate altar of the Wu Jian Council.
   480 | D        | Found a shimmering blue altar of Sif Muna.
   480 | D        | Found a corrupted altar of Lugonu.
   480 | D        | Found a radiant altar of Vehumet.
   480 | D        | Found a burning altar of Makhleb.
   481 | D        | Found a sacrificial altar of Ru.
   481 | D        | Found an ancient bone altar of Kikubaaqudgha.
   481 | D        | Found a white marble altar of Elyvilon.
   482 | D        | Found a stormy altar of Qazlal.
   482 | D        | Found a viscous altar of Jiyva.
   482 | D        | Found a shadowy altar of Dithmenos.
   483 | D        | Found a hazy altar of Hepliaklqana.
   483 | D        | Found a snail-covered altar of Cheibriados.
   485 | D        | Found a sparkling altar of Nemelex Xobeh.
   485 | D        | Found a blossoming altar of Fedhas.
   485 | D        | Noticed a hornet
   485 | D        | Noticed a polar bear
   486 | D        | Found an opulent altar of Gozag.
   486 | D        | Found an iron altar of Okawaru.
   486 | D        | Noticed a yaktaur
   486 | D        | Noticed a polar bear
   491 | D        | Became a worshipper of Dithmenos the Shadowed
   509 | D        | Succumbed to a hornet's poison

Illustrated notes

Levels and vault maps discovered:
D:        the_violet_keep_of_menkaure [sprint2_stairs_cluster_1,
          sprint2_shoproom, sprint2_temple, sprint2_basic_supplies,
          sprint2_obstacle_2, sprint2_obstacle_3, sprint2_obstacle_5,
          sprint2_obstacle_1, sprint2_obstacle_7, sprint2_timed_cluster_1,
          sprint2_smallroom_cluster_1, sprint2_smallroom_final_cluster_1,
          sprint2_transparent_cluster_1, sprint2_second_timed_cluster_1,
          sprint2_sniper_area_1, sprint2_heavy_combat_area_1,
          sprint2_mutation_trap_area_1, sprint2_forest_area_1,
          sprint2_light_combat_area_1, sprint2_behind_water_1,
          sprint2_near_end_vault_1]

Skill      XL: |  1  2  3  4  5  6  7 |
---------------+----------------------+-----
Stealth        | 6 9 11 12 15 17 | 17.0
Spellcasting   | 3 5 6 7 8 10 | 10.2
Hexes          | 4 7 8 10 12 13 | 13.9
Short Blades   | |  1.1
Dodging        | |  2.6

Action                   |  1- 3 |  4- 6 |  7- 9 || total
-------------------------+-------+-------+-------++-------
Melee: Dagger            |     4 |    11 |    12 ||    27
 Cast: Confusing Touch   |       |       |     2 ||     2
       Ensorcelled Hiber |       |       |     1 ||     1
  Use: Potion            |     2 |     2 |     1 ||     5
       Scroll            |       |       |     1 ||     1
 Stab: Sleeping          |     4 |     3 |     2 ||     9
       Invisible         |       |     3 |       ||     3
       Confused          |       |       |     1 ||     1
Armor: Robe              |       |       |     1 ||     1
Dodge: Dodged            |     1 |     3 |     8 ||    12
